 Dungeon Crawl Stone Soup version 0.23-a0-139-ga22e90c (webtiles) character file.

335 EvilAliv3 the Cutter (level 6, 0/42 HPs)
             Began as a Halfling Abyssal Knight on Aug 30, 2018.
             Was a Believer of Lugonu.
             Slain by a phantom (7 damage)
             ... on level 4 of the Dungeon.
             The game lasted 00:32:07 (4651 turns).

EvilAliv3 the Cutter (Halfling Abyssal Knight)      Turns: 4651, Time: 00:32:08

Health: 0/42       AC:  4    Str: 15    XL:     6   Next: 84%
Magic:  8/8        EV: 15    Int: 10    God:    Lugonu [**....]
Gold:   126        SH:  0    Dex: 14    Spells: 5/5 levels left

rFire    . . .     SeeInvis .   a - +2 dagger (freeze)
rCold    . . .     Gourm    .   (shield restricted)
rNeg     . . .     Faith    .   k - +1 leather armour
rPois    .         Spirit   .   (no helmet)
rElec    .         Reflect  .   (no cloak)
rCorr    .         Harm     .   (no gloves)
MR       .....                  (no boots)
Stlth    ++........             (no amulet)
HPRegen  0.14/turn              (no ring)
MPRegen  0.11/turn              (no ring)

@: no status effects
A: small, mutation resistance 1
a: Depart the Abyss, Bend Space, Renounce Religion


You were on level 4 of the Dungeon.
You worshipped Lugonu.
Lugonu was pleased with you.
You were hungry.

You visited 1 branch of the dungeon, and saw 4 of its levels.
You visited the Abyss 1 time.

You collected 126 gold pieces.

Inventory:

Hand Weapons
 a - a +2 dagger of freezing (weapon)
 b - a +0 hunting sling
Missiles
 e - 114 stones (quivered)
 l - 18 sling bullets
 s - a throwing net
Armour
 k - a +1 leather armour (worn)
 q - a +0 ring mail
Jewellery
 m - an uncursed amulet of rage {unknown}
Scrolls
 h - a scroll of enchant weapon {unknown}
 i - 7 scrolls of remove curse
 j - 2 scrolls of enchant armour
 o - a scroll of magic mapping
 r - a scroll of blinking {unknown}
Potions
 d - a potion of cancellation
 g - 3 potions of curing
 n - a potion of flight
 p - a potion of mutation
Comestibles
 c - 5 rations
 f - 5 chunks of flesh


   Skills:
 + Level 3.3 Fighting
 * Level 4.9 Short Blades
 + Level 3.4 Armour
 + Level 2.8 Dodging
 + Level 2.4 Stealth
 + Level 3.2 Invocations


You had 5 spell levels left.
You didn't know any spells.
Your spell library was empty.

Dungeon Overview and Level Annotations

Branches:
Dungeon (4/15)             Temple (0/1) D:4

Altars:


Innate Abilities, Weirdness & Mutations

You are small and have problems with some larger weapons.
You are somewhat resistant to further mutation.


Message History

* * * LOW HITPOINT WARNING * * *
You hit the centaur. You freeze the centaur.
The centaur is severely wounded.
The centaur closely misses you.
You hit the centaur. You freeze the centaur.
The centaur is almost dead.
The centaur hits you but does no damage.
You hit the centaur. You freeze the centaur.
You kill the centaur!
Lugonu accepts your kill.
Press: ? - help, v - describe, . - travel, g - get item An uncursed enchanted shortbow.
There is something else lying underneath.
The floor.
You see here an arrow.
You are feeling hungry.
The phantom blinks!
The phantom blinks!
The phantom hits you!
You die...

##### #.........#
#.........#
###...##### #..#####
.## #######.##.<.##
... ........#.....##
.. ###............#
.. #.........W..# .#
#....#....@.># .#
##...........## .#+
##.....#.......#
..###......#.......#
8..........#.......#
..###......##.....##
.#+ ##.....###...##
.# ##.#### ##### .##
#.#


You could see a phantom.

Vanquished Creatures
  A centaur (D:4)
  A bullfrog (D:2)
  4 gnolls
  5 adders
  4 worms
  4 dart slugs
  A leopard gecko (D:3)
  3 orcs (D:3)
  9 giant cockroaches
  9 goblins
  9 hobgoblins
  6 jackals
  10 kobolds
  3 quokkas
  10 bats
  4 frilled lizards
  6 rats
89 creatures vanquished.

Notes
Turn   | Place    | Note
-------+----------+-------------------------------------------
     0 | Abyss:1  | EvilAliv3 the Halfling Abyssal Knight began the quest for
                  | the Orb.
     0 | Abyss:1  | Reached XP level 1. HP: 15/15 MP: 2/2
    47 | Abyss:1  | Noticed a large abomination
    70 | Abyss:1  | Noticed a raiju
    96 | Abyss:1  | Noticed a small abomination
   118 | Abyss:1  | Noticed a crimson imp
   124 | Abyss:1  | Noticed a demonic crawler
   126 | D:1      | Escaped the Abyss
   193 | D:1      | Reached XP level 2. HP: 11/20 MP: 3/3
   197 | D:1      | Reached * piety under Lugonu
   616 | D:1      | Reached skill level 3 in Short Blades
   628 | D:1      | Reached XP level 3. HP: 24/25 MP: 4/4
   742 | D:1      | Reached skill level 1 in Stealth
  1272 | D:1      | Reached XP level 4. HP: 16/30 MP: 5/5
  2291 | D:2      | Reached ** piety under Lugonu
  2386 | D:2      | Reached XP level 5. HP: 15/36 MP: 6/6
  2685 | D:2      | Reached skill level 4 in Short Blades
  3206 | D:3      | Noticed a bullfrog
  4337 | D:2      | Killed a bullfrog
  4337 | D:2      | Reached XP level 6. HP: 38/42 MP: 8/8
  4478 | D:4      | Noticed an ogre
  4605 | D:4      | Found a staircase to the Ecumenical Temple.
  4622 | D:4      | Noticed a phantom
  4651 | D:4      | Slain by a phantom

Vault maps used:
D:1:      grunt_arrival_crossed_arrows
D:3:      first_ration
D:4:      cheibrodos_barr_body, minitemple, minmay_temple_entry_from_below_b,
          minmay_misc_feat_ornament

Skill      XL: |  1  2  3  4  5 |
---------------+----------------+-----
Short Blades   | 3 4 |  4.9
Stealth        | 1 2 |  2.4
Fighting       | 3 |  3.3
Dodging        | 2 |  2.8
Armour         | 3 |  3.4
Invocations    | 3 |  3.2

Action                   |  1- 3 |  4- 6 || total
-------------------------+-------+-------++-------
Melee: Short sword       |    18 |       ||    18
       Dagger            |    97 |   233 ||   330
 Fire: Hunting sling     |       |    20 ||    20
Invok: Depart the Abyss  |     1 |       ||     1
       Bend Space        |       |     6 ||     6
  Use: Scroll            |     2 |     6 ||     8
 Stab: Distracted        |     1 |       ||     1
       Sleeping          |     2 |     4 ||     6
  Eat: Chunk             |     1 |     7 ||     8
       Ration            |       |     1 ||     1
Armor: Leather armour    |    18 |    33 ||    51
Dodge: Dodged            |    50 |   146 ||   196

Table legend:
 A = Non-vault XP
 B = Vault XP
 C = Vault XP percentage of total XP
 D = Non-vault monster count
 E = Vault monster count
 F = Vault count percentage of total count
                 A         B        C        D         E       F
            +---------+---------+-------+---------+---------+-------
      Total |     479 |       0 |   0.0 |      89 |       0 |   0.0
            +---------+---------+-------+---------+---------+-------
        D:1 |      81 |       0 |   0.0 |      36 |       0 |   0.0
        D:2 |     185 |       0 |   0.0 |      24 |       0 |   0.0
        D:3 |      82 |       0 |   0.0 |      24 |       0 |   0.0
        D:4 |     131 |       0 |   0.0 |       5 |       0 |   0.0
            +---------+---------+-------+---------+---------+-------
